 Dungeon Crawl Stone Soup version 0.31-a0-963-ga325b2283a (webtiles) character file.

Game seed: 4083614758502494455

258 sammy202020 the Covered (level 5, 0/73 HPs)
             Began as an Armataur Fighter on Oct 26, 2023.
             Succumbed to a goblin's poison
             ... on level 3 of the Dungeon.
             The game lasted 00:03:27 (2280 turns).

sammy202020 the Covered (Armataur Fighter)          Turns: 2280, Time: 00:03:28

Health: 0/73       AC: 22    Str: 26    XL:     5   Next: 94%
Magic:  5/5        EV:  1    Int: 10    God:
Gold:   132        SH:  4    Dex:  9    Spells: 4/4 levels left

rFire   . . .        a - +1 flail
rCold   . . .        c - +0 buckler
rNeg    . . .        l - melded +0 chain mail
rPois   +            (helmet currently unavailable)
rElec   .            (cloak currently unavailable)
rCorr   .            i - melded +0 pair of gloves
SInv    .            (no barding)
Will    .....        (no amulet)
Stlth   +            h - +6 ring of strength
HPRegen 0.32/turn    (no ring)
MPRegen 0.09/turn

%: roll
@: lethally poisoned (0 -> -1), tree-form
A: stationary, stasis, torment immunity, boosted hp, large, rugged brown scales
3, (deformed body), (armoured tail), roll, long tongue, awkward tongue, (talons
1), weak 1, MP-powered wands
a: no special abilities


You were on level 3 of the Dungeon.
You were a tree.
You visited 1 branch of the dungeon, and saw 3 of its levels.

You collected 132 gold pieces.

Inventory:

Hand Weapons
 a - a +1 flail (weapon)
 p - a +0 hand axe
Armour
 c - a +0 buckler (worn)
 i - a +0 pair of gloves (melded)
 l - a +0 chain mail (melded)
Jewellery
 h - a +6 ring of strength (left branch)
 o - a ring of ice
Scrolls
 b - a scroll of fear {unknown}
 e - a scroll of teleportation
 g - a scroll of identify
 n - a scroll of enchant weapon
Potions
 d - a potion of might
 f - a potion of invisibility
 j - a potion of mutation


   Skills:
 * Level 3.8 Fighting
 * Level 3.0 Maces & Flails
 * Level 4.9 Armour
 + Level 1.1 Dodging
 * Level 4.4 Shields


You had 4 spell levels left.
You didn't know any spells.
Your spell library contained the following spells:

 Spells                   Type           Power      Damage    Failure   Level
 Slow                     Hex            0%         N/A       41%         1
 Confusing Touch          Hex            0%         N/A       80%         3
 Sigil of Binding         Hex            0%         N/A       80%         3
 Vampiric Draining        Necr           0%         2d6       80%         3


Dungeon Overview and Level Annotations

Branches:
Dungeon (3/15)

Altars:

Annotations:
D:3 Robin


Innate Abilities, Weirdness & Mutations

You are a tree.
Your roots penetrate the ground, keeping you stationary.
You cannot be teleported.
You are immune to unholy pain and torment.
Your maximum health is greatly increased.
Your equipment is partially melded.
(You are completely covered in rugged brown scales. (AC +3, +7% HP))
((Armour fits poorly on your strangely shaped body.))
((You have a long armoured tail.))
You roll when moving toward enemies. (Rampage)
Your long tongue fully drains potion bottles. (2x potion effects)
Your tongue gives you trouble enunciating. (1.5x scroll delay)
((You have sharp toenails.))
You are weak. (Str -2)
You expend magic power (3 MP) to strengthen your wands.


Message History

You slurp down every last drop of the potion of mutation!
* * * LOW HITPOINT WARNING * * *
You feel very sick. You block the hobgoblin's attack.
It was a potion of lignification.
You turn into a tree.
Your +0 pair of gloves melds into your body.
Your +0 chain mail melds into your body.
Your roots penetrate the ground.
You slurp down every last drop of the potion of lignification!
* * * LOW HITPOINT WARNING * * *
You feel very sick.
The hobgoblin hits you but does no damage.
It was a potion of enlightenment.
Your roots keep you in place.
You slurp down every last drop of the potion of enlightenment!
* * * LOW HITPOINT WARNING * * *
You feel sick.
The hobgoblin hits you but does no damage.
You sock the hobgoblin!
You kill the hobgoblin!
* * * LOW HITPOINT WARNING * * *
You feel very sick. The goblin hits you but does no damage.
Okay, then.
Okay, then.
You sock the goblin!
You kill the goblin!
* * * LOW HITPOINT WARNING * * *
You feel sick.
You sock the goblin!
You kill the goblin!
* * * LOW HITPOINT WARNING * * *
You feel sick.
You closely miss the hobgoblin.
Your enlightenment fades.
* * * LOW HITPOINT WARNING * * *
You feel sick.
The hobgoblin hits you but does no damage.
You sock the hobgoblin!
You kill the hobgoblin!
You die...

..#####.####.....##)########
..#####.# #.....+..))......
.)).....# ##....##.########
.##...### #....##.# ####
.####..### #######.# .....
## ##...# #.# ..... ###.##
#.#$.....
#..#########.#......
##.#.....♣)gg.......
#.#.#######g#...... #.#
#.#...... #.# .g# ..... #.#
#g## #.### #.# #g +# #.# g.
g. g#.


You could see Robin and 2 goblins.

Vanquished Creatures
  Jessica (D:2)
  Natasha (thrice) (D:2)
  2 orc wizards (D:3)
  A gnoll (D:1)
  2 adders (D:2)
  A dart slug (D:1)
  9 orcs (D:3)
  4 endoplasms
  A giant cockroach (D:1)
  8 hobgoblins
  4 jackals (D:1)
  8 kobolds
  2 quokkas
  4 ball pythons
  2 bats
  6 frilled lizards
  9 goblins
  4 rats
71 creatures vanquished.

Notes
Turn   | Place    | Note
-------+----------+-------------------------------------------
     0 | D:1      | sammy202020 the Armataur Fighter began the quest for the
                  | Orb.
     0 | D:1      | Reached XP level 1. HP: 19/19 MP: 1/1
   145 | D:1      | Reached XP level 2. HP: 26/26 MP: 2/2
   307 | D:1      | Reached XP level 3. HP: 30/33 MP: 3/3
   914 | D:2      | Noticed Jessica
   920 | D:2      | Killed Jessica
   921 | D:2      | Reached XP level 4. HP: 33/40 MP: 4/4
  1435 | D:2      | Noticed Natasha
  1440 | D:2      | Killed Natasha
  1476 | D:2      | Noticed Natasha
  1494 | D:2      | Killed Natasha
  1495 | D:2      | Reached XP level 5. HP: 5/48 MP: 5/5
  1816 | D:2      | Noticed Natasha
  1826 | D:2      | Killed Natasha
  1827 | D:2      | Reached skill level 1 in Dodging
  2263 | D:3      | Noticed Robin
  2273 | D:3      | Gained mutation: You expend magic power (3 MP) to
                  | strengthen your wands. [potion of mutation]
  2273 | D:3      | Gained mutation: You are weak. (Str -2) [potion of
                  | mutation]
  2273 | D:3      | Gained mutation: You have sharp toenails. [potion of
                  | mutation]
  2277 | D:3      | HP: 3/73 [poisoned by a goblin]
  2279 | D:3      | HP: 1/73 [poisoned by a goblin]
  2280 | D:3      | Succumbed to a goblin's poison

Illustrated notes

Levels and vault maps discovered:
D:1:      shiori_arrival_maze, layout_loops_ring
D:2:      layout_basic, uniq_jessica, uniq_natasha
D:3:      layout_basic, grunt_temple_overflow_open,
          shapermc_ecumenical_altar_notcrosses, uniq_robin, uniq_sigmund

Skill      XL: |  1  2  3  4  5 |
---------------+----------------+-----
Maces & Flails | 2 3 |  3.0
Fighting       | 3 |  3.8
Armour         | 4 |  4.9
Shields        | 4 |  4.4
Dodging        | 1 |  1.1

Action                     |  1- 3 |  4- 6 || total
---------------------------+-------+-------++-------
  Melee: Flail             |    86 |   101 ||   187
         Tailslap          |     9 |     4 ||    13
    Use: Scroll            |     6 |       ||     6
         Potion            |       |     3 ||     3
 Armour: Scale mail        |    65 |     3 ||    68
         Chain mail        |       |    75 ||    75
         Skin              |       |     4 ||     4
  Dodge: Dodged            |    22 |    20 ||    42
  Block: Buckler           |    15 |    19 ||    34

Table legend: (Time is in decaauts)
 A = Elapsed time spent in this place.
 B = Non-inter-level travel time spent in this place.
 C = Inter-level travel time spent in this place.
 D = Time resting spent in this place.
 E = Time spent auto-exploring this place.
 F = Levels seen in this place.
 G = Mean time per level.
                   A        B        C        D        E       F      G
               +--------+--------+--------+--------+--------+-----+--------+
         Total |   2361 |   2297 |     64 |    455 |   1378 |   3 |  787.0 |
       Dungeon |   2361 |   2297 |     64 |    455 |   1378 |   3 |  787.0 |
               +--------+--------+--------+--------+--------+-----+--------+

Top non-repeatable levels by time:
     D:2: 1337 daAuts
     D:1: 804 daAuts
     D:3: 219 daAuts
